Map: Eternal Empire LE

Players

Lambo - Winner!

  • Race: Zerg Zerg
  • Spawn Location: 7:00

HateMe

  • Race: Zerg Zerg
  • Spawn Location: 1:00

Event: IEM Katowice 2020

VOD

Have the link to the VOD?

Description

Time

  • Played on: Feb. 25, 2020, 9:06 a.m.
  • Length: 10:56

All games in this series

Show
View Real Time Build Order
Export as new Build Order

Lambo Zerg - Winner!

Build Orders: Hatch First, Zergling Baneling 

Get SALT Encoding   

  12  0:00  Drone  
  13  0:12  Overlord  
  13  0:16  Drone  
  14  0:30  Drone x2  
  16  0:47  Hatchery  
  15  0:50  Drone  
  15  0:54  Drone  
  17  0:57  Drone  
  17  1:01  Extractor  
  17  1:13  Spawning Pool  
  17  1:16  Drone  
  17  1:20  Drone  
  18  1:27  Drone  
  19  1:38  Drone  
  20  1:49  Drone  
  21  2:00  Queen x2  
  21  2:01  Metabolic Boost  
  25  2:02  Zergling x2  
  25  2:07  Overlord  
  26  2:11  Drone  
  26  2:13  Drone  
  28  2:25  Zergling x2  
  28  2:28  Zergling x2  
  30  2:37  Hatchery  
  30  2:41  Drone x2  
  31  2:45  Overlord  
  31  2:50  Drone  
  32  2:55  Zergling x4  
  34  3:05  Zergling x4  
  34  3:09  Zergling x6  
  34  3:10  Zergling x2  
  34  3:11  Drone  
  41  3:15  Overlord  
  41  3:21  Baneling Nest  
  41  3:22  Drone  
  42  3:27  Zergling x2  
  42  3:29  Queen  
  43  3:35  Drone x2  
  43  3:38  Drone  
  47  3:41  Drone x2  
  47  3:42  Zergling x2  
  47  3:45  Drone  
  47  3:48  Drone  
  50  3:50  Drone x2  
  51  3:56  Drone x2  
  53  4:04  Drone x2  
  53  4:08  Baneling x4  
  53  4:09  Queen  
  56  4:15  Drone  
  57  4:17  Evolution Chamber  
  57  4:18  Overlord  
  57  4:21  Baneling  
  56  4:28  Zergling x2  
  57  4:32  Zergling x2  
  57  4:34  Overlord  
  57  4:37  Overlord  
  60  4:39  Drone x4  
  60  4:42  Extractor  
  60  4:43  Extractor  
  60  4:47  Drone x4  
  60  4:48  Baneling x3  
  60  4:51  Drone  
  64  4:54  Drone x3  
  64  4:56  Drone  
  64  4:58  Drone  
  69  5:02  Drone  
  67  5:09  Drone x2  
  67  5:10  Roach Warren, Zerg Missile Weapons Level 1  
  68  5:15  Overlord  
  68  5:18  Overlord  
  68  5:19  Drone  
  69  5:24  Drone  
  69  5:26  Drone x6  
  76  5:28  Lair  
  76  5:30  Drone x2  
  76  5:35  Drone x4  
  80  5:38  Extractor, Pneumatized Carapace  
  80  5:42  Drone  
  82  5:44  Drone  
  82  5:46  Extractor x2  
  82  5:47  Overlord  
  81  5:51  Overlord  
  81  5:56  Drone x2  
  82  5:57  Overlord  
  82  6:03  Overlord  
  82  6:06  Roach x7  
  82  6:07  Drone  
  82  6:10  Overlord  
  97  6:13  Overlord  
  97  6:20  Overlord  
  97  6:23  Hatchery  
  97  6:25  Glial Reconstitution  
  96  6:27  Overseer  
  96  6:28  Overlord  
  96  6:29  Roach x4, Evolution Chamber  
  102  6:35  Overlord  
  102  6:37  Roach x3  
  108  6:42  Roach x3  
  114  6:47  Overlord  
  114  6:48  Overlord x2  
  114  6:56  Zerg Ground Armor Level 1  
  114  6:57  Hydralisk Den, Roach x2  
  114  6:59  Overlord  
  114  7:01  Roach  
  117  7:04  Roach  
  117  7:07  Roach  
  121  7:10  Zerg Missile Weapons Level 2  
  121  7:12  Roach  
  121  7:13  Roach x2  
  127  7:19  Roach x4  
  127  7:21  Ravager x2  
  137  7:25  Roach x2  
  137  7:27  Roach x2  
  145  7:32  Roach  
  145  7:33  Roach x2  
  150  7:45  Roach x8  
  165  7:55  Hydralisk x3  
  165  7:57  Drone  
  165  7:58  Spore Crawler x2, Drone  
  171  7:59  Drone  
  171  8:00  Drone  
  173  8:06  Hydralisk x3  
  173  8:11  Muscular Augments  
  173  8:12  Spore Crawler, Hydralisk  
  178  8:19  Hydralisk x2  
  184  8:23  Drone  
  184  8:25  Roach x2  
  189  8:29  Roach  
  189  8:30  Overseer  
  189  8:32  Spore Crawler, Unknown  
  189  8:36  Roach  
  188  8:48  Overlord  
  188  8:49  Overlord x4  
  188  8:50  Overlord  
  188  8:58  Overlord  
  186  9:03  Overlord  
  186  9:05  Overlord x3  
  186  9:08  Roach x5  
  186  9:09  Ravager  
  199  9:10  Ravager x3  
  199  9:12  Ravager  
  194  9:18  Roach x3  
  194  9:23  Grooved Spines  
  200  9:24  Roach  
  200  9:30  Roach  
  199  9:34  Roach  
  195  9:41  Roach x3  
  195  9:47  Queen  
  189  9:55  Roach x2  
  189  9:56  Roach x3  
  199  10:19  Roach x3  
  199  10:28  Roach x3  
  199  10:32  Roach  
  199  10:33  Overlord  
Show
View Real Time Build Order
Export as new Build Order

HateMe Zerg 

Build Orders: Hatch First 

Get SALT Encoding   

  12  0:00  Drone  
  13  0:12  Overlord  
  13  0:17  Drone  
  14  0:30  Drone x2  
  16  0:48  Hatchery  
  15  0:51  Drone  
  15  0:55  Drone  
  17  0:58  Drone  
  18  1:09  Extractor  
  17  1:13  Spawning Pool  
  17  1:17  Drone  
  17  1:20  Drone  
  18  1:27  Drone  
  19  1:38  Drone  
  20  1:49  Drone  
  21  2:00  Queen, Overlord  
  21  2:01  Queen  
  25  2:02  Zergling x2  
  26  2:10  Drone  
  26  2:11  Metabolic Boost  
  26  2:12  Drone  
  30  2:22  Drone x2  
  30  2:34  Hatchery  
  30  2:36  Zergling x2  
  30  2:39  Zergling x2  
  31  2:44  Drone  
  31  2:46  Baneling Nest  
  31  2:51  Overlord  
  31  2:53  Drone  
  31  2:58  Drone  
  33  3:04  Zergling x2  
  34  3:06  Drone  
  34  3:10  Drone  
  34  3:11  Overlord  
  36  3:13  Zergling x2, Drone  
  36  3:15  Drone  
  39  3:22  Zergling x4  
  39  3:26  Zergling x2  
  42  3:32  Zergling x4  
  43  3:36  Baneling x2  
  43  3:39  Queen  
  44  3:44  Zergling x6  
  44  3:47  Zergling x8  
  48  3:49  Zergling x2  
  48  3:56  Overlord  
  48  4:09  Hatchery  
  46  4:12  Drone x4  
  46  4:13  Baneling  
  46  4:14  Baneling  
  50  4:20  Evolution Chamber  
  50  4:21  Baneling x2  
  50  4:24  Overlord  
  49  4:25  Drone  
  49  4:28  Drone  
  49  4:30  Drone  
  52  4:33  Drone  
  52  4:36  Drone  
  52  4:51  Drone  
  52  4:52  Drone x3  
  53  4:54  Extractor x2  
  53  4:55  Zerg Missile Weapons Level 1  
  53  4:57  Roach Warren  
  50  5:00  Drone x4  
  50  5:06  Drone  
  55  5:07  Overlord  
  55  5:08  Drone x2  
  55  5:12  Drone  
  55  5:13  Drone  
  59  5:23  Drone x3  
  59  5:25  Lair  
  59  5:27  Drone x2  
  59  5:28  Drone  
  65  5:29  Extractor  
  65  5:32  Drone  
  65  5:35  Drone x3  
  68  5:36  Drone  
  68  5:39  Drone  
  70  5:44  Overlord  
  70  5:47  Drone  
  71  5:54  Drone  
  72  5:59  Extractor x2  
  72  6:01  Drone x4  
  72  6:02  Drone x2  
  72  6:03  Drone x2  
  72  6:04  Overlord  
  78  6:06  Roach x3  
  83  6:18  Drone x2  
  85  6:21  Hatchery  
  85  6:24  Spire  
  83  6:26  Glial Reconstitution  
  83  6:29  Roach x5  
  93  6:33  Overseer  
  93  6:36  Overlord  
  93  6:37  Overlord  
  93  6:38  Overlord  
  93  6:50  Overlord x3  
  93  6:51  Zerg Missile Weapons Level 2  
  93  6:53  Overlord  
  93  6:54  Overlord  
  93  6:59  Roach x4  
  101  7:01  Roach x2  
  101  7:05  Roach x2  
  109  7:11  Overlord  
  109  7:13  Roach  
  109  7:14  Roach x2  
  115  7:21  Roach x5  
  125  7:23  Baneling x2  
  125  7:34  Overlord  
  125  7:40  Mutalisk x7  
  131  7:47  Roach x3  
  131  7:50  Drone x3  
  137  7:56  Drone  
  137  7:57  Drone x2  
  138  8:02  Drone x4  
  142  8:06  Roach x2  
  142  8:10  Roach x2  
  150  8:13  Roach  
  150  8:15  Ravager x4  
  150  8:19  Roach  
  160  8:20  Roach  
  160  8:23  Baneling x4  
  160  8:25  Roach x2  
  164  8:30  Roach  
  164  8:31  Roach  
  164  8:33  Unknown  
  167  8:36  Roach x3  
  167  8:38  Overlord  
  171  8:42  Roach x2  
  175  8:51  Overlord x2  
  175  9:01  Roach x6  
  179  9:13  Roach  
  179  9:14  Roach x6  
  188  9:34  Roach x3  
  188  9:44  Roach x6  
  188  9:54  Overlord x2  
  188  10:04  Overlord x2  
  188  10:14  Roach x3  
  190  10:18  Roach x8  
  176  10:22  Roach x5  
  176  10:30  Roach x2  
  176  10:35  Roach  

Tags
 
Add a new tag
Caveats
  • Supply blocks, unpowered buildings, or Contaminate may cause inaccurate times.
  • Supply counts are checked every 10 seconds.